 Dungeon Crawl Stone Soup version 0.31-a0-200-gbc41564c69 (webtiles) character file.

Game seed: 11849049470593854155

80 qw the Shooter (level 4, -1/25 HPs)
             Began as a Deep Elf Hunter on June 25, 2023.
             Slain by an orc wizard
             ... wielding a +0 dagger
              (4 damage)
             ... on level 3 of the Dungeon.
             The game lasted 00:00:45 (2123 turns).

qw the Shooter (Deep Elf Hunter)                    Turns: 2123, Time: 00:00:46

Health: -1/25      AC:  3    Str: 10    XL:     4   Next: 18%
Magic:  6/6        EV: 11    Int: 14    God:
Gold:   231        SH:  0    Dex: 24    Spells: 3/3 levels left

rFire   . . .        Y - +0 shortbow
rCold   . . .        (shield currently unavailable)
rNeg    . . .        i - +0 ring mail
rPois   +            h - +0 helmet
rElec   .            (no cloak)
rCorr   .            (no gloves)
SInv    .            (no boots)
Will    .....        (no amulet)
Stlth   ++           f - +6 ring of dexterity
HPRegen 0.24/turn    (no ring)
MPRegen 0.10/turn

%: no passive effects
@: no status effects
A: deformed body, poison resistance
a: no special abilities


You were on level 3 of the Dungeon.
You visited 1 branch of the dungeon, and saw 3 of its levels.

You collected 231 gold pieces.


Innate Abilities, Weirdness & Mutations

Armour fits poorly on your strangely shaped body.
Your system is resistant to poisons. (rPois)


   Skills:
 - Level 1.5 Fighting
 + Level 7.6 Ranged Weapons
 - Level 2.4 Dodging
 - Level 1.2 Stealth


You had 3 spell levels left.
You didn't know any spells.
Your spell library was empty.

Inventory:

Hand Weapons
 Y - a +0 shortbow (weapon)
Armour
 h - a +0 helmet (worn)
 i - a +0 ring mail (worn)
Jewellery
 f - a +6 ring of dexterity (left hand)
Scrolls
 a - 4 scrolls of identify
Potions
 b - a potion of berserk rage {unknown}
 c - a potion of curing {unknown}
 d - 2 potions of mutation
 e - a potion of might

Dungeon Overview and Level Annotations

Branches:
Dungeon (3/15)

Altars:
Uskayaw
The Shining One


Message History

An orc wizard, an orc priest and 3 orcs come into view.
An orc is wielding a +0 hand axe of electrocution.
An orc is wielding a +0 flail of holy wrath.
The orc wizard shouts!
The orc shouts!
The orc priest shouts!
There is an open door here.
Enter note:
Enter note:
Enter note:
Enter note:
Enter note:
Enter note:
Enter note:
Enter note:
Enter note:
2115 ||| Stepping ~*~*~tactically~*~*~ (outnumbered).
There is an open door here.
2117 ||| Stepping ~*~*~tactically~*~*~ (outnumbered).
There is an open door here.
You shoot an arrow. The orc shouts!
The arrow hits the orc wizard.
The orc wizard is moderately wounded.
You shoot an arrow.
The arrow closely misses the orc wizard.
The arrow hits the orc but does no damage.
The orc wizard barely misses you.
The orc priest calls down the wrath of Beogh upon you.
Pain shoots through your body!
You shoot an arrow. The arrow hits the orc wizard!
The orc wizard is almost dead.
The orc wizard mumbles some strange words.
The orc wizard flickers and vanishes!
Deactivating autopickup; reactivate with Ctrl-A.
You shoot an arrow. The arrow barely misses the orc priest.
Something hits you.
The orc priest invokes the aid of Beogh against you.
Beogh smites you!
You shoot an arrow. The arrow hits the orc priest.
The orc priest is moderately wounded.
Something hits you.
You die...

.#
#.....#.....#.###.#####
.# #######..##...# #.#
.# #...#....<..# #.# .#
#...#.####..# #.# .#
#...#.# #..# #.# .#
#...#.# #..###.# ##
#.oo#.# ##..##.#
#..{#.# #...#.# +.oo@.#
#.#...# #...###
#.#>.###### ####
#####.#.###....
..........#.###
..........#.###
..........#....
.....>....#....
..........#....
..........#....


You could see an orc priest and 3 orcs.

Vanquished Creatures
  2 adders (D:2)
  A worm (D:2)
  2 dart slugs
  9 ball pythons
  3 bats
  2 endoplasms
  A giant cockroach (D:1)
  3 goblins
  5 hobgoblins
  2 jackals (D:1)
  3 kobolds
  3 quokkas (D:2)
  3 frilled lizards (D:2)
  19 rats
58 creatures vanquished.

Notes
Turn   | Place    | Note
-------+----------+-------------------------------------------
     0 | D:1      | qw the Deep Elf Hunter began the quest for the Orb.
     0 | D:1      | Reached XP level 1. HP: 12/12 MP: 3/3
     0 | D:1      | 0 ||| qw: Version: 0.3-a-22-g0ed2b0b
     0 | D:1      | 0 ||| qw: Game counter: 5644
     0 | D:1      | 0 ||| qw: Melee chars always use a shield: true
     0 | D:1      | 0 ||| qw: God list: Okawaru
     0 | D:1      | 0 ||| qw: Allow faded altars: false
     0 | D:1      | 0 ||| qw: Do Orc after clearing Dungeon:15 true
     0 | D:1      | 0 ||| qw: Do second Lair branch before Depths: true
     0 | D:1      | 0 ||| qw: Lair rune preference: random
     0 | D:1      | 0 ||| qw: Goals: Normal
     0 | D:1      | 0 ||| PLANNING D:1-11
   122 | D:1      | Reached XP level 2. HP: 16/16 MP: 4/4
   180 | D:1      | Reached skill level 6 in Ranged Weapons
   626 | D:1      | 626 ||| UPGRADING to +0 helmet.
   631 | D:1      | 631 ||| UPGRADING to +0 ring mail.
   641 | D:1      | 641 ||| DROPPING +0 leather armour.
   642 | D:1      | 642 ||| DROPPING ring of magical power.
   643 | D:1      | 643 ||| UPGRADING to +6 ring of dexterity.
   644 | D:1      | 644 ||| READING scroll labelled OCAKHOIJ UREIX.
   649 | D:1      | 649 ||| READING scroll labelled KUPPIONL FATA.
   650 | D:1      | 650 ||| DROPPING scroll of butterflies.
   711 | D:2      | Reached XP level 3. HP: 19/20 MP: 5/5
   907 | D:2      | Found a glowing golden altar of the Shining One.
  1074 | D:2      | Reached skill level 7 in Ranged Weapons
  1080 | D:2      | Found a faded altar of an unknown god.
  1121 | D:2      | 1121 ||| FLEEEEING.
  1122 | D:2      | 1122 ||| FLEEEEING.
  1123 | D:2      | 1123 ||| FLEEEEING.
  1124 | D:2      | 1124 ||| FLEEEEING.
  1125 | D:2      | 1125 ||| FLEEEEING.
  1126 | D:2      | 1126 ||| FLEEEEING.
  1127 | D:2      | 1127 ||| FLEEEEING.
  1128 | D:2      | 1128 ||| FLEEEEING.
  1129 | D:2      | 1129 ||| FLEEEEING.
  1130 | D:2      | 1130 ||| FLEEEEING.
  1131 | D:2      | 1131 ||| FLEEEEING.
  1285 | D:2      | Reached XP level 4. HP: 25/25 MP: 6/6
  1369 | D:2      | 1369 ||| READING scroll labelled MEPSIU XUIGG.
  1370 | D:2      | 1370 ||| DRINKING 2 lumpy silvery potions.
  1370 | D:2      | Gained mutation: Armour fits poorly on your strangely
                  | shaped body. [potion of mutation]
  1370 | D:2      | Gained mutation: Your system is resistant to poisons.
                  | (rPois) [potion of mutation]
  1371 | D:2      | 1371 ||| READING 7 scrolls of identify.
  1371 | D:2      | 1371 ||| IDENTIFYING glowing red potion
  1372 | D:2      | 1372 ||| READING 6 scrolls of identify.
  1372 | D:2      | 1372 ||| IDENTIFYING yellow potion
  1373 | D:2      | 1373 ||| READING 5 scrolls of identify.
  1373 | D:2      | 1373 ||| IDENTIFYING green potion
  1374 | D:2      | 1374 ||| DROPPING potion of brilliance.
  1375 | D:2      | 1375 ||| DROPPING potion of lignification.
  1603 | D:3      | Found a hide-covered altar of Uskayaw.
  1861 | D:3      | 1861 ||| FLEEEEING.
  1862 | D:3      | 1862 ||| FLEEEEING.
  1863 | D:3      | 1863 ||| FLEEEEING.
  1864 | D:3      | 1864 ||| FLEEEEING.
  1865 | D:3      | 1865 ||| FLEEEEING.
  1866 | D:3      | 1866 ||| FLEEEEING.
  1867 | D:3      | 1867 ||| FLEEEEING.
  1868 | D:3      | 1868 ||| FLEEEEING.
  1869 | D:3      | 1869 ||| FLEEEEING.
  1870 | D:3      | 1870 ||| FLEEEEING.
  1871 | D:3      | 1871 ||| FLEEEEING.
  1872 | D:3      | 1872 ||| FLEEEEING.
  1873 | D:3      | 1873 ||| FLEEEEING.
  1874 | D:3      | 1874 ||| FLEEEEING.
  1875 | D:3      | 1875 ||| FLEEEEING.
  1876 | D:3      | 1876 ||| FLEEEEING.
  1877 | D:3      | 1877 ||| FLEEEEING.
  1878 | D:3      | 1878 ||| FLEEEEING.
  1879 | D:3      | 1879 ||| FLEEEEING.
  1880 | D:3      | 1880 ||| FLEEEEING.
  1881 | D:3      | 1881 ||| FLEEEEING.
  1882 | D:3      | 1882 ||| FLEEEEING.
  1883 | D:3      | 1883 ||| FLEEEEING.
  1884 | D:3      | 1884 ||| FLEEEEING.
  1885 | D:3      | 1885 ||| FLEEEEING.
  1886 | D:3      | 1886 ||| FLEEEEING.
  1887 | D:3      | 1887 ||| FLEEEEING.
  2115 | D:3      | 2115 ||| Stepping ~*~*~tactically~*~*~ (outnumbered).
  2117 | D:3      | 2117 ||| Stepping ~*~*~tactically~*~*~ (outnumbered).
  2122 | D:3      | HP: 2/25 [orc priest/divine providence (9)]
  2123 | D:3      | Slain by an orc wizard

Levels and vault maps discovered:
D:1:      ncdulo_smallfort, layout_basic, minmay_stone_trees_medium
D:2:      layout_loops_ring, dreamdust_ecumenical_altar_statues, basic_altar,
          minmay_misc_feat_secret_circle, minmay_rat_hole
D:3:      layout_basic, mainiacjoe_overflow_small_starburst, xom_redecorated

Skill      XL: |  1  2  3 |
---------------+----------+-----
Ranged Weapons | 6 7 |  7.6
Fighting       | |  1.5
Dodging        | |  2.4
Stealth        | |  1.2

Action                     |  1- 3 |  4- 6 || total
---------------------------+-------+-------++-------
   Fire: Shortbow          |   116 |    19 ||   135
    Use: Scroll            |     2 |     4 ||     6
         Potion            |       |     1 ||     1
 Armour: Leather armour    |     3 |       ||     3
         Ring mail         |    12 |       ||    12
  Dodge: Dodged            |    23 |     2 ||    25

Table legend:
 A = Non-vault XP
 B = Vault XP
 C = Vault XP percentage of total XP
 D = Non-vault monster count
 E = Vault monster count
 F = Vault count percentage of total count
                 A         B        C        D         E       F
            +---------+---------+-------+---------+---------+-------
      Total |      95 |      20 |  17.4 |      39 |      19 |  32.8
            +---------+---------+-------+---------+---------+-------
        D:1 |      26 |       0 |   0.0 |      14 |       0 |   0.0
        D:2 |      54 |      20 |  27.0 |      17 |      19 |  52.8
        D:3 |      15 |       0 |   0.0 |       8 |       0 |   0.0
            +---------+---------+-------+---------+---------+-------
